 Dungeon Crawl Stone Soup version 0.27.1-4-g1640c2035a (webtiles) character file.

Game seed: 4397313836351085503

39 zeram the Sneak (level 3, 0/21 HPs)
             Began as an Octopode Enchanter on Nov 17, 2021.
             Slain by a hobgoblin (2 damage)
             ... on level 1 of the Dungeon.
             The game lasted 00:01:46 (1506 turns).

zeram the Sneak (Octopode Enchanter)                Turns: 1506, Time: 00:01:47

Health: 0/21       AC:  1    Str:  7    XL:     3   Next: 47%
Magic:  2/6        EV: 10    Int: 18    God:
Gold:   120        SH:  0    Dex: 12    Spells: 0/6 levels left

rFire    . . .     SeeInvis .   a - +1 dagger
rCold    . . .     Faith    .   (no shield)
rNeg     . . .     Spirit   .   (helmet restricted)
rPois    .         Reflect  .   (no amulet)
rElec    .         Harm     .   (no ring)
rCorr    .         Rampage  .   (no ring)
Will     .....                  (no ring)
Stlth    ++++......             (no ring)
HPRegen  0.07/turn              (no ring)
MPRegen  0.10/turn              (no ring)
                                (no ring)
                                (no ring)

@: constricted
A: almost no armour, amphibious, 8 rings, camouflage 1, gelatinous body 1,
(nimble swimmer 1), tentacles
a: no special abilities


You were on level 1 of the Dungeon.
You visited 1 branch of the dungeon, and saw 1 of its levels.

You collected 120 gold pieces.

Inventory:

Hand Weapons
 a - a +1 dagger (weapon)
Scrolls
 d - a scroll of vulnerability {unknown}
 f - a scroll of identify {unknown}
 h - a scroll of noise {unknown}
Potions
 b - 2 potions of attraction {unknown}
 c - a potion of degeneration {unknown}
 e - a potion of curing {unknown}
 g - a potion of brilliance {unknown}


   Skills:
 + Level 1.5 Short Blades
 + Level 2.5 Dodging
 + Level 5.4 Stealth
 - Level 2.0 Spellcasting
 - Level 3.0 Hexes


You couldn't memorise any spells.
You knew the following spells:

 Your Spells              Type           Power      Damage    Failure   Level
a - Corona                Hex            13%        N/A       5%          1
b - Ensorcelled Hibernat  Hex/Ice        14%        N/A       14%         2
c - Tukima's Dance        Hex            12%        N/A       16%         3

Your spell library contained the following spells:

 Spells                   Type           Power      Damage    Failure   Level
 Confusing Touch          Hex            12%        N/A       16%         3
 Dazzling Flash           Conj/Hex       14%        N/A       28%         3


Dungeon Overview and Level Annotations

Branches:
Dungeon (1/15)

Altars:


Innate Abilities, Weirdness & Mutations

You cannot wear most types of armour.
You are amphibious.
You can wear up to eight rings at the same time.
Your skin changes colour to match your surroundings (Stealth+).
Your rubbery body absorbs attacks. (AC +1, EV +1)
((You are camouflaged near water. (Stealth+)))
You have tentacles for arms and can constrict up to eight enemies at once.


Message History

The ball python constricts you.
You hit the ball python. Your grab misses the ball python.
The ball python is severely wounded.
The bat misses you. The hobgoblin hits you. The ball python bites you.
The ball python constricts you.
You barely miss the ball python. Your grab misses the ball python.
The ball python is severely wounded.
The bat hits you. The hobgoblin hits you.
The ball python bites you but does no damage.
The ball python constricts you. The hobgoblin completely misses you.
You are too injured to fight recklessly!
Unknown command.
Casting: Corona (safe; 5% risk of failure)
Confirm with . or Enter, or press ? or * to list all spells.
Aiming: Ensorcelled Hibernation (safe; 14% risk of failure)
Press: ? - help, Shift-Dir - straight line, f - hobgoblin
Aim: a hobgoblin (chance to affect: 56%)
The hobgoblin looks drowsy...
The bat closely misses you. The ball python closely misses you.
The ball python constricts you. The hobgoblin barely misses you.
The bat closely misses you.
The helpless hobgoblin fails to defend itself.
You impale the hobgoblin!!
You kill the hobgoblin!
The ball python bites you but does no damage.
The ball python constricts you. The bat hits you but does no damage.
The hobgoblin hits you.
* * * LOW HITPOINT WARNING * * *
The ball python bites you.
* * * LOW HITPOINT WARNING * * *
The ball python constricts you.
* * * LOW HITPOINT WARNING * * *
Casting: Ensorcelled Hibernation (safe; 14% risk of failure)
Confirm with . or Enter, or press ? or * to list all spells.
Aiming: Ensorcelled Hibernation (safe; 14% risk of failure)
Press: ? - help, Shift-Dir - straight line, f - ball python
Aim: a ball python (severely wounded, constricting you, chance to affect: 56%)
The ball python resists with significant effort.
The bat misses you. The bat hits you but does no damage.
The hobgoblin hits you.
You die...

#....'....)..................##
#.####....########.............
###.#############################
#....÷................##.........
#....÷................##.........
#.....................##.........
#...............b.....##.........
#...............S.....##.........
#...............@...:.###########
#................g....#
#........##.#.......###
#........##.#.#####+#
#........##.#.. #........##.#...
#........##.#.#..
#........##.###### ###########..


You could see a hobgoblin, a bat and a ball python.

Vanquished Creatures
  A dart slug (D:1)
  5 endoplasms (D:1)
  A giant cockroach (D:1)
  A goblin (D:1)
  5 hobgoblins (D:1)
  9 jackals (D:1)
  2 kobolds (D:1)
  2 quokkas (D:1)
  2 ball pythons (D:1)
  A bat (D:1)
29 creatures vanquished.

Notes
Turn   | Place    | Note
-------+----------+-------------------------------------------
     0 | D:1      | zeram the Octopode Enchanter began the quest for the Orb.
     0 | D:1      | Reached XP level 1. HP: 11/11 MP: 3/3
   276 | D:1      | Reached XP level 2. HP: 15/17 MP: 5/5
   531 | D:1      | Reached skill level 5 in Stealth
   628 | D:1      | Reached XP level 3. HP: 21/21 MP: 6/6
  1267 | D:1      | Learned a level 2 spell: Ensorcelled Hibernation
  1271 | D:1      | Learned a level 3 spell: Tukima's Dance
  1506 | D:1      | Slain by a hobgoblin

Illustrated notes

Levels and vault maps discovered:
D:1:      dpeg_arrival_connections, layout_basic

Skill      XL: |  1  2 |
---------------+-------+-----
Stealth        | 5 |  5.4
Short Blades   | |  1.5
Dodging        | |  2.5
Spellcasting   | |  2.0
Hexes          | |  3.0

Action                   || total
-------------------------++-------
Melee: Dagger            ||    87
       Constrict         ||    15
       Tentacles         ||    13
 Cast: Ensorcelled Hiber ||     2
       Corona            ||     1
 Stab: Sleeping          ||     9
Armor: Skin              ||     9
Dodge: Dodged            ||    58
